[ PARTIDA AOE2 · #506617058 ]
UnrankedTeutones vs Magyars
Equipo del jugador · DERR
Equipo rival · VICT
[ ANÁLISIS DE REPETICIÓN · EXTRAÍDO DE LA PARTIDA GRABADA ]
Feudal
9:41
Castillos
28:43
Imperial
52:38
| APM promedio | 30.1 |
| APM pico | 71 |
| eAPM promedio | 22.0 |
| Aldeanos / militares | 186 / 105 |
Foco
⚔️ 36.6% · 🌾 63.4%
Spearman ×74 · Scorpion ×16 · Battering Ram ×10 · Mangonel ×2 · Monk ×1 · Knight ×1
Feudal
9:13
Castillos
29:40
Imperial
48:04
| APM promedio | 58.7 |
| APM pico | 93 |
| eAPM promedio | 27.7 |
| Aldeanos / militares | 195 / 209 |
Foco
⚔️ 43.4% · 🌾 56.6%
Cavalry Archer ×122 · Scout Cavalry ×56 · Magyar Huszar ×16 · Trebuchet (Packed) ×6 · Mangonel ×5 · Petard ×3
Mapa de la partida
Recursos iniciales + cada clic de construcción. Líneas = muros · curvas = relieve. ◆ oro · ⬟ piedra · ● bayas · ✦ reliquia · ◌ hueco del cierre
Tu base· Abierta — flanco sin cerrar
Base de 波斯小象· Abierta — flanco sin cerrar
Terreno inicial suavizado · ◌ = hueco del cierre detectado · pasá el cursor para detalles
Inputs por minuto
— moneymickey - - 波斯小象
Build order — moneymickey
Primeras 150 de 474 acciones detectadas
| 0:01 | Encolar | Villager (Male) |
| 0:01 | Encolar | Villager (Male) |
| 0:02 | Construir | House |
| 0:04 | Construir | House |
| 0:43 | Encolar | Villager (Male) |
| 0:43 | Encolar | Villager (Male) |
| 1:29 | Encolar | Villager (Male) |
| 1:56 | Encolar | Villager (Male) |
| 1:59 | Construir | Lumber Camp |
| 2:25 | Encolar | Villager (Male) |
| 2:47 | Encolar | Villager (Male) |
| 3:12 | Encolar | Villager (Male) |
| 3:12 | Encolar | Villager (Male) |
| 3:29 | Construir | Palisade Gate |
| 3:33 | Construir | Palisade Wall |
| 3:35 | Construir | Palisade Wall |
| 3:42 | Encolar | Villager (Male) |
| 4:04 | Encolar | Villager (Male) |
| 4:29 | Encolar | Villager (Male) |
| 4:42 | Construir | Mill |
| 4:49 | Encolar | Villager (Male) |
| 5:06 | Encolar | Villager (Male) |
| 5:11 | Encolar | Villager (Male) |
| 5:18 | Construir | House |
| 5:35 | Encolar | Villager (Male) |
| 6:00 | Construir | Palisade Wall |
| 6:30 | Encolar | Villager (Male) |
| 6:32 | Investigar | Loom |
| 6:45 | Construir | House |
| 7:17 | Construir | Mining Camp |
| 7:24 | Construir | Palisade Gate |
| 7:30 | Investigar | Feudal Age |
| 8:05 | Construir | House |
| 8:19 | Construir | Palisade Wall |
| 8:21 | Construir | Palisade Wall |
| 8:23 | Construir | Palisade Wall |
| 8:26 | Construir | Palisade Wall |
| 8:27 | Construir | Palisade Wall |
| 8:29 | Construir | Palisade Wall |
| 8:31 | Construir | Palisade Wall |
| 8:37 | Encolar | Villager (Male) |
| 8:46 | Encolar | Villager (Male) |
| 8:52 | Construir | Barracks |
| 9:05 | Encolar | Villager (Male) |
| 9:24 | Encolar | Villager (Male) |
| 9:31 | Encolar | Villager (Male) |
| 9:41 | Edad | Edad Feudal |
| 9:44 | Encolar | Spearman |
| 9:46 | Encolar | Villager (Male) |
| 9:51 | Encolar | Spearman |
| 9:58 | Construir | Mining Camp |
| 10:27 | Encolar | Spearman |
| 10:28 | Encolar | Villager (Male) |
| 11:00 | Construir | House |
| 11:02 | Encolar | Spearman |
| 11:07 | Construir | Farm |
| 11:10 | Construir | Farm |
| 11:18 | Construir | Watch Tower |
| 11:44 | Encolar | Villager (Male) |
| 11:47 | Construir | Farm |
| 11:49 | Construir | Farm |
| 11:56 | Construir | Farm |
| 12:31 | Encolar | Villager (Male) |
| 12:35 | Encolar | Villager (Male) |
| 12:43 | Construir | Farm |
| 12:44 | Construir | Farm |
| 12:55 | Encolar | Villager (Male) |
| 13:15 | Encolar | Villager (Male) |
| 13:39 | Investigar | Town Watch |
| 13:47 | Construir | Watch Tower |
| 13:53 | Investigar | Double-Bit Axe |
| 14:33 | Encolar | Spearman |
| 15:12 | Encolar | Spearman |
| 15:19 | Encolar | Spearman |
| 15:35 | Encolar | Spearman |
| 15:49 | Encolar | Villager (Male) |
| 16:01 | Encolar | Spearman |
| 16:16 | Encolar | Spearman |
| 16:38 | Encolar | Villager (Male) |
| 16:38 | Encolar | Villager (Male) |
| 16:57 | Construir | Watch Tower |
| 17:01 | Encolar | Spearman |
| 17:16 | Encolar | Villager (Male) |
| 17:18 | Construir | Blacksmith |
| 17:19 | Encolar | Villager (Male) |
| 18:04 | Investigar | Fletching |
| 18:05 | Encolar | Villager (Male) |
| 18:32 | Construir | Farm |
| 18:34 | Construir | Farm |
| 18:38 | Encolar | Spearman |
| 18:42 | Construir | Farm |
| 18:45 | Construir | Farm |
| 18:51 | Encolar | Villager (Male) |
| 18:51 | Encolar | Villager (Male) |
| 18:53 | Construir | House |
| 19:18 | Encolar | Villager (Male) |
| 19:22 | Investigar | Wheelbarrow |
| 19:24 | Construir | House |
| 19:31 | Encolar | Villager (Male) |
| 19:45 | Encolar | Villager (Male) |
| 19:50 | Investigar | Horse Collar |
| 19:51 | Encolar | Villager (Male) |
| 19:57 | Construir | Watch Tower |
| 20:06 | Encolar | Villager (Male) |
| 20:37 | Encolar | Villager (Male) |
| 20:39 | Encolar | Spearman |
| 20:46 | Encolar | Spearman |
| 20:48 | Encolar | Villager (Male) |
| 20:59 | Encolar | Spearman |
| 21:12 | Encolar | Villager (Male) |
| 21:32 | Encolar | Villager (Male) |
| 21:48 | Construir | Stable |
| 22:34 | Investigar | Forging |
| 22:34 | Encolar | Villager (Male) |
| 23:21 | Encolar | Spearman |
| 23:33 | Encolar | Villager (Male) |
| 23:33 | Encolar | Villager (Male) |
| 23:48 | Construir | Market |
| 24:04 | Construir | Farm |
| 24:25 | Construir | House |
| 24:26 | Construir | House |
| 24:29 | Encolar | Villager (Male) |
| 24:37 | Construir | Lumber Camp |
| 25:00 | Encolar | Villager (Male) |
| 25:03 | Construir | Farm |
| 25:04 | Construir | Farm |
| 25:11 | Encolar | Villager (Male) |
| 25:45 | Construir | Farm |
| 25:52 | Investigar | Castle Age |
| 26:04 | Construir | Mining Camp |
| 26:07 | Encolar | Spearman |
| 26:20 | Investigar | Scale Mail Armor |
| 26:45 | Encolar | Spearman |
| 26:52 | Construir | Barracks |
| 26:55 | Encolar | Spearman |
| 27:16 | Construir | Palisade Wall |
| 27:19 | Construir | Stone Wall |
| 27:26 | Encolar | Spearman |
| 27:27 | Encolar | Spearman |
| 27:38 | Encolar | Spearman |
| 27:39 | Encolar | Spearman |
| 27:49 | Encolar | Spearman |
| 27:49 | Encolar | Spearman |
| 27:49 | Encolar | Spearman |
| 27:57 | Encolar | Villager (Male) |
| 27:57 | Encolar | Villager (Male) |
| 28:07 | Encolar | Villager (Male) |
| 28:09 | Encolar | Spearman |
| 28:13 | Encolar | Scout Cavalry |
| 28:28 | Investigar | Stone Mining |
Build order — 波斯小象
Primeras 150 de 617 acciones detectadas
| 0:02 | Encolar | Villager (Male) |
| 0:02 | Encolar | Villager (Male) |
| 0:03 | Construir | House |
| 0:11 | Encolar | Villager (Male) |
| 0:11 | Encolar | Villager (Male) |
| 1:26 | Encolar | Villager (Male) |
| 1:43 | Encolar | Villager (Male) |
| 2:05 | Encolar | Villager (Male) |
| 2:05 | Encolar | Villager (Male) |
| 2:12 | Construir | Lumber Camp |
| 2:42 | Encolar | Villager (Male) |
| 2:57 | Encolar | Villager (Male) |
| 3:14 | Encolar | Villager (Male) |
| 3:26 | Construir | House |
| 3:27 | Construir | House |
| 3:41 | Encolar | Villager (Male) |
| 4:12 | Encolar | Villager (Male) |
| 4:17 | Construir | House |
| 4:24 | Encolar | Villager (Male) |
| 4:24 | Encolar | Villager (Male) |
| 4:46 | Construir | Mill |
| 5:04 | Encolar | Villager (Male) |
| 5:15 | Encolar | Villager (Male) |
| 5:20 | Investigar | Loom |
| 5:20 | Investigar | Loom |
| 6:10 | Encolar | Villager (Male) |
| 6:52 | Construir | Mill |
| 7:03 | Investigar | Feudal Age |
| 8:27 | Construir | Barracks |
| 8:33 | Construir | Barracks |
| 8:48 | Encolar | Villager (Male) |
| 9:13 | Edad | Edad Feudal |
| 9:18 | Investigar | Double-Bit Axe |
| 9:34 | Construir | Stable |
| 9:49 | Construir | Watch Tower |
| 9:50 | Encolar | Villager (Male) |
| 9:56 | Encolar | Villager (Male) |
| 9:59 | Encolar | Villager (Male) |
| 10:09 | Construir | Watch Tower |
| 10:12 | Encolar | Villager (Male) |
| 10:24 | Construir | Farm |
| 10:26 | Encolar | Scout Cavalry |
| 10:26 | Encolar | Scout Cavalry |
| 10:26 | Encolar | Scout Cavalry |
| 10:32 | Investigar | Double-Bit Axe |
| 11:02 | Encolar | Villager (Male) |
| 11:15 | Encolar | Scout Cavalry |
| 11:16 | Encolar | Scout Cavalry |
| 11:23 | Construir | House |
| 11:28 | Encolar | Villager (Male) |
| 11:32 | Encolar | Villager (Male) |
| 11:34 | Construir | Mining Camp |
| 11:39 | Encolar | Scout Cavalry |
| 11:42 | Encolar | Villager (Male) |
| 11:49 | Construir | Farm |
| 12:07 | Encolar | Scout Cavalry |
| 12:13 | Encolar | Villager (Male) |
| 12:17 | Construir | Farm |
| 12:36 | Encolar | Villager (Male) |
| 12:49 | Encolar | Scout Cavalry |
| 12:51 | Encolar | Scout Cavalry |
| 12:54 | Construir | House |
| 12:58 | Construir | Farm |
| 13:03 | Construir | Farm |
| 13:03 | Construir | Farm |
| 13:12 | Construir | Watch Tower |
| 13:25 | Construir | Watch Tower |
| 13:31 | Encolar | Villager (Male) |
| 13:33 | Construir | Farm |
| 13:37 | Encolar | Scout Cavalry |
| 14:08 | Construir | House |
| 14:14 | Encolar | Villager (Male) |
| 14:17 | Construir | Palisade Wall |
| 14:25 | Construir | Palisade Wall |
| 14:27 | Construir | Palisade Wall |
| 14:50 | Encolar | Scout Cavalry |
| 15:12 | Encolar | Scout Cavalry |
| 15:13 | Encolar | Scout Cavalry |
| 15:15 | Encolar | Villager (Male) |
| 15:15 | Encolar | Villager (Male) |
| 15:16 | Encolar | Villager (Male) |
| 15:18 | Construir | Farm |
| 15:18 | Construir | Farm |
| 15:19 | Encolar | Villager (Male) |
| 15:40 | Encolar | Scout Cavalry |
| 15:42 | Encolar | Villager (Male) |
| 15:46 | Construir | Blacksmith |
| 15:47 | Encolar | Scout Cavalry |
| 15:47 | Encolar | Scout Cavalry |
| 16:19 | Encolar | Scout Cavalry |
| 16:20 | Construir | Farm |
| 16:21 | Encolar | Villager (Male) |
| 16:23 | Construir | Farm |
| 16:26 | Construir | Farm |
| 16:27 | Encolar | Scout Cavalry |
| 16:27 | Encolar | Scout Cavalry |
| 16:41 | Construir | Watch Tower |
| 16:48 | Encolar | Villager (Male) |
| 16:51 | Construir | Farm |
| 16:55 | Encolar | Villager (Male) |
| 16:57 | Construir | House |
| 16:58 | Construir | House |
| 16:58 | Construir | House |
| 17:12 | Encolar | Scout Cavalry |
| 17:14 | Encolar | Villager (Male) |
| 17:36 | Encolar | Scout Cavalry |
| 17:47 | Construir | Watch Tower |
| 17:53 | Encolar | Scout Cavalry |
| 17:53 | Encolar | Scout Cavalry |
| 17:57 | Encolar | Villager (Male) |
| 17:59 | Construir | Farm |
| 18:09 | Encolar | Scout Cavalry |
| 18:09 | Encolar | Scout Cavalry |
| 18:26 | Encolar | Scout Cavalry |
| 18:26 | Encolar | Scout Cavalry |
| 18:35 | Investigar | Scale Barding Armor |
| 18:37 | Construir | Stable |
| 18:38 | Encolar | Scout Cavalry |
| 18:44 | Investigar | Fletching |
| 18:44 | Investigar | Fletching |
| 18:58 | Encolar | Villager (Male) |
| 19:00 | Encolar | Scout Cavalry |
| 19:03 | Encolar | Villager (Male) |
| 19:03 | Encolar | Villager (Male) |
| 19:15 | Construir | Mining Camp |
| 19:16 | Encolar | Villager (Male) |
| 19:22 | Encolar | Villager (Male) |
| 19:29 | Encolar | Scout Cavalry |
| 19:29 | Encolar | Scout Cavalry |
| 19:44 | Investigar | Scale Barding Armor |
| 19:49 | Encolar | Scout Cavalry |
| 19:50 | Encolar | Scout Cavalry |
| 19:53 | Construir | House |
| 20:03 | Construir | House |
| 20:04 | Construir | House |
| 20:06 | Encolar | Scout Cavalry |
| 20:09 | Construir | Farm |
| 20:13 | Encolar | Villager (Male) |
| 20:35 | Encolar | Scout Cavalry |
| 20:35 | Encolar | Scout Cavalry |
| 20:42 | Construir | Outpost |
| 20:44 | Construir | House |
| 20:48 | Encolar | Scout Cavalry |
| 20:51 | Construir | Farm |
| 20:55 | Encolar | Villager (Male) |
| 21:16 | Construir | Farm |
| 21:17 | Construir | Farm |
| 21:33 | Construir | Watch Tower |
| 21:44 | Encolar | Villager (Male) |
| 21:46 | Encolar | Villager (Male) |
Cronología de la partida
| 3:33 | moneymickey · wall_segment Palisade Wall x1 |
| 3:35 | moneymickey · wall_segment Palisade Wall x1 |
| 6:00 | moneymickey · wall_segment Palisade Wall x4 |
| 8:19 | moneymickey · wall_segment Palisade Wall x1 |
| 8:21 | moneymickey · wall_segment Palisade Wall x1 |
| 8:23 | moneymickey · wall_segment Palisade Wall x1 |
| 8:26 | moneymickey · wall_segment Palisade Wall x1 |
| 8:27 | 波斯小象 · first_building Barracks |
| 8:27 | moneymickey · wall_segment Palisade Wall x1 |
| 8:29 | moneymickey · wall_segment Palisade Wall x1 |
| 8:31 | moneymickey · wall_segment Palisade Wall x1 |
| 8:52 | moneymickey · first_building Barracks |
| 9:13 | 波斯小象 · age_up feudal |
| 9:34 | 波斯小象 · first_building Stable |
| 9:41 | moneymickey · age_up feudal |
| 14:17 | 波斯小象 · wall_segment Palisade Wall x1 |
| 14:25 | 波斯小象 · wall_segment Palisade Wall x1 |
| 14:27 | 波斯小象 · wall_segment Palisade Wall x1 |
| 21:48 | moneymickey · first_building Stable |
| 24:56 | moneymickey · first_market_buy 100 food |
| 25:48 | 波斯小象 · first_market_sell 100 stone |
| 25:50 | 波斯小象 · first_market_buy 100 food |
| 27:16 | moneymickey · wall_segment Palisade Wall x1 |
| 27:19 | moneymickey · wall_segment Stone Wall x1 |
| 28:19 | 波斯小象 · first_building Archery Range |
| 28:43 | moneymickey · age_up castle |
| 29:40 | 波斯小象 · age_up castle |
| 31:19 | moneymickey · first_building Siege Workshop |
| 32:09 | 波斯小象 · first_building Siege Workshop |
| 37:12 | 波斯小象 · wall_segment Stone Wall x3 |
| 37:34 | 波斯小象 · wall_segment Palisade Wall x1 |
| 37:47 | 波斯小象 · wall_segment Stone Wall x1 |
| 37:48 | 波斯小象 · wall_segment Stone Wall x1 |
| 38:21 | 波斯小象 · wall_segment Stone Wall x7 |
| 38:55 | moneymickey · first_market_sell 100 wood |
| 39:25 | 波斯小象 · wall_segment Stone Wall x1 |
| 40:25 | 波斯小象 · wall_segment Stone Wall x8 |
| 42:04 | 波斯小象 · first_building Castle |
| 43:18 | moneymickey · first_building Castle |
| 45:49 | moneymickey · first_building Monastery |
| 48:04 | 波斯小象 · age_up imperial |
| 49:41 | 波斯小象 · wall_segment Stone Wall x1 |
| 52:38 | moneymickey · age_up imperial |
| 55:02 | moneymickey · resign |
[ ANÁLISIS IA · 1 CRÉDITO ]
¿Qué pasó realmente en esta partida?
Wolo.gg analiza cada decisión: build order, eco, micro, errores típicos por bracket. Análisis personalizado por WhatsApp o Discord en 30 segundos.
Guía civ
Teutones
Perfil
Jugador #488095